Map: Prion Terraces

Players

Grumm

  • Race: Protoss Protoss
  • League: Gold

SilentStorm - Winner!

  • Race: Terran Terran
  • League: Gold

VOD

Have the link to the VOD?

Description

Time

  • Played on: Jan. 14, 2016, 12:19 a.m.
  • Length: 14:11
Show
View Real Time Build Order
Export as new Build Order

Grumm Protoss 

Build Orders: 1 Gate Expand 

Get SALT Encoding   

  12  0:01  Probe (Chrono Boost)  
  13  0:11  Probe (Chrono Boost)  
  14  0:19  Pylon  
  14  0:22  Probe (Chrono Boost)  
  15  0:33  Assimilator  
  15  0:40  Gateway  
  15  0:44  Probe (Chrono Boost)  
  16  0:56  Probe (Chrono Boost)  
  17  1:14  Pylon  
  17  1:24  Nexus  
  17  1:40  Cybernetics Core  
  17  1:46  Gateway  
  17  1:51  Probe (Chrono Boost)  
  19  2:01  Probe (Chrono Boost)  
  19  2:07  Assimilator  
  19  2:12  Probe (Chrono Boost)  
  20  2:17  Warp Gate (Chrono Boost)  
  20  2:20  Adept  
  22  2:24  Pylon  
  22  2:27  Probe  
  23  2:48  Mothership Core  
  25  2:52  Probe  
  26  2:58  Stalker  
  26  2:59  Stalker  
  26  3:03  Probe  
  31  3:15  Probe  
  31  3:16  Probe  
  33  3:31  Probe  
  33  3:32  Stalker  
  36  3:35  Stalker  
  36  3:38  Probe  
  39  3:43  Probe  
  40  3:48  Probe  
  40  3:50  Twilight Council  
  40  3:55  Probe  
  42  3:57  Pylon  
  42  4:12  Zealot  
  42  4:13  Sentry  
  46  4:20  Probe  
  47  4:24  Forge  
  47  4:31  Probe  
  47  4:33  Probe  
  49  4:42  Probe, Resonating Glaives  
  49  4:45  Probe  
  51  4:46  Dark Shrine  
  51  4:49  Pylon  
  51  4:52  Probe  
  51  4:54  Assimilator  
  51  4:57  Assimilator, Probe  
  51  4:58  Stalker  
  55  5:03  Probe  
  56  5:09  Probe  
  57  5:18  Probe, Stalker  
  61  5:21  Probe  
  61  5:27  Pylon  
  61  5:31  Probe  
  61  5:33  Photon Cannon  
  62  5:36  Protoss Ground Weapons Level 1 (Chrono Boost), Photon Cannon  
  62  5:42  Gateway  
  62  5:47  Gateway  
  62  5:49  Probe  
  62  5:51  Probe  
  62  5:52  Pylon  
  64  6:02  Adept  
  64  6:03  Adept  
  68  6:13  Photon Cannon  
  68  6:20  Probe  
  68  6:22  Charge  
  69  6:26  Gateway  
  69  6:27  Pylon  
  69  6:34  Probe, Dark Templar x2  
  69  6:35  Probe  
  75  6:58  Nexus  
  75  7:07  Dark Templar x3  
  75  7:08  Pylon  
  81  7:13  Pylon  
  81  7:29  Probe  
  81  7:30  Probe  
  81  7:36  Photon Cannon  
  83  7:40  Probe, Dark Templar x3  
  83  7:43  Pylon, Probe  
  91  7:46  Pylon  
  91  7:51  Robotics Facility  
  91  7:56  Forge  
  91  7:58  Pylon  
  91  8:01  Protoss Ground Armor Level 1 (Chrono Boost)  
  91  8:08  Photon Cannon  
  91  8:10  Dark Templar x2  
  95  8:19  Assimilator  
  95  8:22  Archon x2  
  95  8:24  Probe  
  95  8:26  Probe  
  97  8:31  Robotics Facility  
  97  8:35  Archon  
  97  8:38  Probe  
  98  8:46  Blink, Probe  
  99  8:49  Observer  
  99  8:50  Forge, Probe  
  99  9:06  Protoss Ground Weapons Level 2 (Chrono Boost)  
  99  9:10  Probe  
  99  9:11  Probe  
  99  9:13  Stalker  
  99  9:15  Dark Templar x2  
  105  9:17  Zealot x2  
  105  9:19  Archon  
  105  9:20  Archon  
  109  9:30  Probe  
  109  9:31  Probe  
  109  9:36  Pylon  
  119  9:38  Immortal x2  
  119  9:43  Zealot  
  119  9:44  Zealot x2  
  125  9:48  Gateway  
  125  9:50  Gateway  
  125  9:54  Pylon  
  125  10:00  Pylon  
  125  10:05  Gateway  
  125  10:08  Gateway  
  125  10:10  Pylon  
  124  10:16  Stalker  
  124  10:17  Warp Prism, Stalker x4  
  124  10:18  Observer  
  137  10:29  Protoss Shields Level 1 (Chrono Boost)  
  137  10:31  Pylon  
  137  10:37  Assimilator  
  106  11:14  Zealot x2  
  106  11:15  Zealot x5  
  110  11:35  Zealot x5  
  110  11:36  Zealot x3  
  80  11:53  Pylon  
  61  12:01  Stalker  
  61  12:02  Stalker x4  
  61  12:03  Stalker x3  
  56  12:26  Dark Templar x5  
  56  12:27  Dark Templar x3  
  61  13:09  Dark Templar x3  
  61  13:10  Dark Templar x2  
  71  13:15  Immortal  
  62  13:40  Dark Templar  
  62  13:43  Zealot x4  
  62  13:50  Archon x2  
Show
View Real Time Build Order
Export as new Build Order

SilentStorm Terran - Winner!

Build Orders: MMM Bio 

Get SALT Encoding   

  12  0:01  SCV  
  13  0:14  SCV  
  14  0:19  Supply Depot  
  14  0:26  SCV  
  15  0:40  SCV  
  16  0:42  Barracks  
  16  0:46  Refinery  
  16  0:52  SCV  
  17  1:04  SCV  
  18  1:16  SCV  
  19  1:29  Orbital Command  
  20  1:32  Reaper  
  20  1:43  Command Center  
  20  1:59  Supply Depot, SCV  
  21  2:10  Barracks Reactor  
  21  2:11  SCV  
  22  2:21  Barracks  
  22  2:28  SCV  
  23  2:31  Refinery  
  23  2:35  Factory  
  23  2:40  SCV  
  24  2:52  SCV  
  24  2:54  Orbital Command  
  25  2:59  Marine x2  
  25  3:03  Engineering Bay  
  25  3:04  SCV  
  29  3:13  Barracks Tech Lab  
  29  3:16  Marine  
  29  3:17  SCV  
  30  3:30  SCV x2  
  32  3:35  Factory Tech Lab  
  32  3:37  Starport  
  32  3:44  SCV  
  32  3:45  Marine x3  
  36  3:50  Refinery  
  36  3:53  Supply Depot  
  36  4:01  SCV  
  36  4:02  Siege Tank  
  40  4:03  Marine  
  41  4:11  Marine, Stimpack  
  41  4:12  Marine  
  41  4:13  SCV  
  41  4:14  SCV  
  45  4:20  Starport Reactor  
  45  4:21  Marine  
  46  4:25  SCV  
  46  4:26  SCV, Barracks  
  46  4:29  Marine x2  
  50  4:37  SCV  
  50  4:38  Marine  
  51  4:47  Marine  
  51  4:49  Supply Depot  
  52  4:55  Supply Depot  
  52  4:56  SCV  
  52  4:57  SCV  
  52  4:58  Supply Depot  
  52  4:59  Bunker  
  54  5:09  Marine  
  54  5:10  Medivac x2, Marine  
  59  5:24  SCV  
  59  5:25  SCV  
  59  5:26  Marine x2  
  59  5:27  Marauder  
  65  5:40  Refinery  
  65  5:42  Supply Depot, Marine  
  66  5:44  Supply Depot  
  66  5:49  Marauder, SCV  
  69  5:51  Terran Infantry Weapons Level 1  
  69  5:52  Barracks Tech Lab  
  69  5:58  SCV  
  69  6:01  SCV  
  69  6:02  Sensor Tower, Marine  
  69  6:03  Marine  
  69  6:04  Medivac  
  75  6:10  Marauder  
  77  6:14  SCV  
  78  6:24  Command Center  
  78  6:31  Marine x2  
  78  6:32  Marauder x2  
  84  6:42  Armory  
  84  6:43  Engineering Bay  
  84  6:48  Liberator  
  84  6:49  Marine  
  84  6:50  Supply Depot  
  84  6:51  Combat Shields, Supply Depot x2  
  84  6:53  Concussive Shells  
  85  6:54  Liberator, Marine  
  85  6:55  Marauder x2  
  85  6:57  SCV  
  85  7:00  SCV  
  94  7:11  Marine  
  94  7:14  Terran Infantry Armor Level 1  
  98  7:18  Supply Depot  
  98  7:22  Marauder, Marine  
  101  7:24  SCV  
  101  7:26  SCV  
  103  7:37  SCV  
  104  7:38  Orbital Command  
  104  7:39  Supply Depot  
  104  7:41  Marauder  
  106  7:47  Terran Infantry Weapons Level 2  
  106  7:49  SCV x2  
  108  7:57  Barracks  
  108  8:01  Barracks  
  108  8:08  Liberator  
  108  8:10  SCV x2  
  108  8:11  Marauder, Marine  
  113  8:23  Supply Depot x3  
  113  8:24  SCV x2  
  118  8:36  Orbital Command, SCV  
  118  8:37  Sensor Tower  
  118  8:39  Missile Turret  
  119  8:57  Missile Turret  
  119  9:09  Liberator  
  117  9:19  Liberator  
  117  9:25  Marauder x2, Marine x4  
  117  9:29  SCV  
  117  9:30  SCV x2  
  134  9:41  SCV  
  134  9:42  SCV x2  
  134  9:43  Marine x2  
  139  9:46  Marauder x2  
  139  9:52  Liberator  
  143  9:53  SCV  
  143  9:54  SCV  
  143  9:57  Marine x2  
  147  10:04  Terran Infantry Armor Level 2  
  147  10:07  Supply Depot  
  147  10:08  Liberator, Marauder x2  
  147  10:12  Marine x2  
  156  10:15  Marine x2  
  161  10:29  Marauder, Marine  
  161  10:35  Liberator  
  164  10:39  Marine x3  
  167  10:47  Marauder  
  165  10:50  Marauder  
  157  11:02  Marine x4  
  161  11:05  SCV x2  
  161  11:08  Marauder  
  165  11:12  Marauder  
  159  11:19  Marine  
  159  11:20  Marine x2  
  159  11:22  Medivac  
  164  11:30  Marauder  
  164  11:31  Terran Infantry Weapons Level 3  
  164  11:32  Marine  
  167  11:33  Marauder  
  167  11:35  Medivac, Command Center  
  167  11:37  Marine  
  154  11:52  Medivac  
  152  11:59  Marine  
  152  12:00  Marauder x2, Marine x3  
  150  12:05  Medivac  
  145  12:17  Marine x2  
  145  12:18  Marine x2  
  145  12:21  Marine x2  
  145  12:22  Medivac  
  145  12:33  SCV  
  145  12:35  Marine x3  
  145  12:36  Marine  
  149  12:38  SCV x2  
  149  12:39  Marine x2  
  152  12:45  SCV  
  153  12:53  Marine x3  
  153  12:57  Marauder x2  
  160  13:02  Marine  
  160  13:11  Marine x3  
  151  13:18  Marauder x2, Planetary Fortress  
  149  13:20  Marine  
  149  13:22  Missile Turret  
  143  13:29  Marine  
  142  13:40  Marauder x2  
  142  13:44  Marine  
Tags
 
Add a new tag
Caveats
  • Supply blocks, unpowered buildings, or Contaminate may cause inaccurate times.
  • Supply counts are checked every 10 seconds.